 Dungeon Crawl Stone Soup version 0.29.1-15-g9cfb28693d (webtiles) character file.

Game seed: 16295590027455719133

11785 Peloso the Protected (level 11, -8/95 HPs)
             Began as a Minotaur Fighter on Mar 10, 2023.
             Was a High Priest of Okawaru.
             Killed by divine providence
             ... invoked by a meliai
              (9 damage)
             ... on level 11 of the Dungeon.
             The game lasted 00:26:16 (13963 turns).

Peloso the Protected (Minotaur Fighter)            Turns: 13963, Time: 00:26:18

Health: -8/95      AC: 26    Str: 27    XL:     11   Next: 53%
Magic:  10/11      EV: 10    Int:  5    God:    Okawaru [*****.]
Gold:   638        SH: 12    Dex:  8    Spells: 10/10 levels left

rFire   + . .      SeeInvis .   b - +2 dagger of Premature Burial {spect, Str+3}
rCold   + . .      Faith    .   d - +0 kite shield
rNeg    . . .      Spirit   .   c - +2 plate armour {Will+}
rPois   +          Reflect  .   B - +2 hat
rElec   .          Harm     .   r - +0 cloak
rCorr   .          Rampage  .   (no gloves)
Will    ++...                   w - +1 pair of boots of the Hills {rPois rF+ rC+ Dex-3}
Stlth   ..........              (no amulet)
HPRegen 0.25/turn               t - ring of willpower
MPRegen 0.12/turn               G - ring of flight

@: lethally poisoned (-8 -> -22), about to teleport, heroic, flying
A: horns 2, retaliatory headbutt
a: Renounce Religion, Heroism, Finesse, Duel


You were on level 11 of the Dungeon.
You worshipped Okawaru.
Okawaru was extremely pleased with you.
You visited 2 branches of the dungeon, and saw 12 of its levels.

You collected 914 gold pieces.
You spent 276 gold pieces at shops.

Inventory:

Hand Weapons
 a - a +3 long sword
 b - the +2 dagger of Premature Burial (weapon) {spect, Str+3}
   (You bought it in a shop on level 3 of the Dungeon)

   When its wielder attacks, the weapon's spirit leaps out and strikes again.
   The spirit shares a part of any damage it takes with its wielder.
   Str:       It affects your strength (+3).
Armour
 c - a +2 plate armour of willpower (worn)
 d - a +0 kite shield (worn)
 r - a +0 cloak (worn)
 w - the +1 pair of boots of the Hills (worn) {rPois rF+ rC+ Dex-3}
   (You found it on level 6 of the Dungeon)

   Dex:       It affects your dexterity (-3).
   rF:        It protects you from fire.
   rC:        It protects you from cold.
   rPois:     It protects you from poison.
 A - the +2 ring mail of Hadjma {rF+ Regen+ Str+4}
   (You found it on level 7 of the Dungeon)

   Str:       It affects your strength (+4).
   rF:        It protects you from fire.
   Regen:     It increases your rate of health regeneration.
 B - a +2 hat (worn)
Jewellery
 t - a ring of willpower (left hand)
 z - a +4 ring of evasion
 G - a ring of flight (right hand)
Wands
 h - a wand of polymorph (13)
 i - a wand of light (6)
 o - a wand of flame (15)
Scrolls
 g - 3 scrolls of magic mapping
 k - a scroll of poison
 n - 2 scrolls of brand weapon
 p - 2 scrolls of noise
 q - a scroll of enchant weapon
 s - 3 scrolls of fear {unknown}
 x - 3 scrolls of blinking {unknown}
 y - a scroll of silence {unknown}
 C - a scroll of vulnerability {unknown}
 D - 2 scrolls of amnesia {unknown}
 E - 2 scrolls of butterflies {unknown}
 H - 2 scrolls of teleportation
Potions
 e - 3 potions of haste
 f - a potion of resistance
 j - 3 potions of curing
 l - 3 potions of brilliance
 m - 2 potions of cancellation {unknown}
 u - 2 potions of berserk rage
 v - a potion of flight
 F - a potion of invisibility {unknown}


   Skills:
 + Level 8.7(13.7) Fighting
 + Level 8.0(13.8) Short Blades
 + Level 6.0(13.2) Long Blades
 + Level 13.2(18.2) Armour
 + Level 4.5(9.5) Dodging
 + Level 5.0(10.0) Stealth
 + Level 9.8(14.8) Shields
 + Level 1.4 Invocations
 + Level 0.1 Evocations


You had 10 spell levels left.
You didn't know any spells.
Your spell library contained the following spells:

 Spells                   Type           Power      Damage    Failure   Level
 Magic Dart               Conj           0%         1d3       99%         1
 Scorch                   Fire           0%         2d5       100%        2
 Searing Ray              Conj           0%         2d4       100%        2
 Anguish                  Hex/Necr       0%         N/A       100%        4
 Flame Wave               Conj/Fire      0%         2d4       100%        4
 Fulminant Prism          Conj/Hex       0%         3d6       100%        4
 Enfeeble                 Hex            0%         N/A       100%        7
 Summon Cactus Giant      Summ           Unusable   N/A       N/A         6

Dungeon Overview and Level Annotations

Branches:
Dungeon (11/15)            Temple (1/1) D:6            Lair (0/5) D:8
    Orc: D:9-12

Altars:
Ashenzari
Cheibriados
Dithmenos
Elyvilon
Fedhas
Gozag
Hepliaklqana
Kikubaaqudgha
Makhleb
Nemelex Xobeh
Okawaru
Ru
Sif Muna
Trog
Vehumet
Xom
Zin
The Shining One

Shops:
D:1 *   D:3 (   D:8 ?


Innate Abilities, Weirdness & Mutations

You have a pair of horns on your head.
You reflexively headbutt those who attack you in melee.


Message History

You block the meliai's attack.
The meliai stings you but does no damage.
The meliai hits your +2 dagger of Premature Burial {spect, Str+3} with a +0 war axe!
Your spectral weapon shares its damage with you!
The meliai hits you with a +0 war axe.
* * * LOW HITPOINT WARNING * * *
x2 The meliai misses your +2 dagger of Premature Burial {spect, Str+3}.
The meliai closely misses you. You furiously retaliate!
You headbutt the meliai!
The meliai stings you but does no damage.
You feel much better.
The meliai calls down the wrath of its god upon you.
Something smites you!
* * * LOW HITPOINT WARNING * * *
You block the meliai's attack.
The meliai stings you but does no damage.
You block the meliai's attack. The meliai stings you!
* * * LOW HITPOINT WARNING * * *
You are lethally poisoned!
The meliai poisons you! The meliai closely misses you. You furiously retaliate!
You headbutt the meliai, but do no damage.
The meliai closely misses you.
You feel better. You block the meliai's attack.
The meliai stings you but does no damage.
You block the meliai's attack.
The meliai stings you but does no damage.
The meliai hits you with a +0 broad axe.
* * * LOW HITPOINT WARNING * * *
The meliai stings you but does no damage.
The meliai closely misses you. The meliai stings you.
* * * LOW HITPOINT WARNING * * *
You are lethally poisoned!
The meliai poisons you!
As you read the scroll of teleportation, it crumbles to dust.
You feel strangely unstable.
* * * LOW HITPOINT WARNING * * *
You feel very sick.
The meliai mumbles some strange prayers to its god against you.
Something smites you!
You die...

########~~PPP##########
........P~P~P~~.........
......~~~~~PP~P~........
##..##.~♣♣♣♣♣~~P.......#
#..##P~P♣ ♣~P.......#
##..##P.~♣♣♣♣♣~P.......#
.......~~~~~♣~~.........
........PP~~~~~.y.......
..#######.P.P~##@.#####
..# #....P##y.# ..#
##...###..#
..########..## #..#
............. ....
.............. .....
##..######..## ##...
#..# #..# .... #..# #


You could see 2 meliai.

Vanquished Creatures
  A boulder beetle (D:9)
  A hydra (D:11)
  A two-headed ogre (D:10)
  A wizard (D:7)
  Pikel (D:6)
  A deep elf pyromancer (D:9)
  An orc sorcerer (D:7)
  An ugly thing (D:11)
  A meliai (D:11)
  3 trolls
  Sigmund (D:6)
  A shadow (D:10)
  A water elemental (D:11)
  10 yaks
  Grum (D:10)
  A steam dragon (D:9)
  Menkaure (D:7)
  An acid dragon (D:10)
  A water moccasin (D:7)
  4 orc warriors
  2 sky beasts (D:7)
  2 wolves (D:10)
  3 ogres
  2 centaurs
  A phantom (D:4)
  A lemure (D:6)
  2 kobold brigands (D:9)
  6 bullfrogs
  2 gnoll sergeants (D:9)
  4 scorpions
  17 wights
  12 killer bees
  3 electric eels (D:11)
  A howler monkey (D:6)
  3 hounds
  7 orc priests
  3 iguanas
  8 orc wizards
  3 adders
  16 gnolls
  2 white imps
  An ufetubus (D:5)
  A worm (D:5)
  2 dart slugs
  23 orcs
  7 endoplasms
  9 goblins
  9 hobgoblins
  4 jackals
  5 quokkas
  4 ball pythons
  4 bats
  3 frilled lizards (D:3)
  16 kobolds
  3 rats
225 creatures vanquished.

Vanquished Creatures (others)
  9 plants
9 creatures vanquished.

Grand Total: 234 creatures vanquished

Notes
Turn   | Place    | Note
-------+----------+-------------------------------------------
     0 | D:1      | Peloso the Minotaur Fighter began the quest for the Orb.
     0 | D:1      | Reached XP level 1. HP: 19/19 MP: 0/0
   154 | D:1      | Found Alousem's Assorted Antiques.
   277 | D:1      | Reached XP level 2. HP: 27/27 MP: 1/1
   428 | D:1      | Reached skill level 4 in Armour
   859 | D:1      | Bought a metallic orange potion for 22 gold pieces
   859 | D:1      | Bought a dark potion for 22 gold pieces
   859 | D:1      | Bought a scroll labelled FAVON QETYSO for 25 gold pieces
   859 | D:1      | Bought a sapphire potion for 22 gold pieces
   859 | D:1      | Bought a scroll labelled MUNEPH FEMOURPH for 25 gold pieces
  1024 | D:2      | Reached XP level 3. HP: 33/33 MP: 2/2
  1043 | D:2      | Noticed an ogre
  1198 | D:2      | Killed an ogre
  1199 | D:2      | Reached XP level 4. HP: 6/41 MP: 3/3
  1461 | D:2      | Found a faded altar of an unknown god.
  1914 | D:3      | Found an ancient bone altar of Kikubaaqudgha.
  2123 | D:3      | Reached skill level 1 in Dodging
  2422 | D:3      | Reached XP level 5. HP: 47/47 MP: 4/4
  2673 | D:3      | Found Olibbor's Antique Weapon Shop.
  2680 | D:3      | Bought a crude dagger for 112 gold pieces
  2680 | D:3      | Identified the +2 dagger of Premature Burial {spect, Str+3}
                  | (You bought it in a shop on level 3 of the Dungeon)
  3014 | D:4      | Reached skill level 5 in Armour
  3174 | D:4      | Noticed a phantom
  3180 | D:4      | Killed a phantom
  3181 | D:4      | Reached XP level 6. HP: 50/55 MP: 5/5
  3363 | D:4      | Reached skill level 1 in Short Blades
  3380 | D:4      | Reached skill level 5 in Fighting
  3519 | D:4      | Reached skill level 5 in Long Blades
  3519 | D:4      | Reached skill level 5 in Shields
  3774 | D:5      | Entered Level 5 of the Dungeon
  3776 | D:5      | Found a radiant altar of Vehumet.
  3813 | D:5      | Reached XP level 7. HP: 50/61 MP: 6/6
  3935 | D:5      | Reached skill level 6 in Armour
  4099 | D:5      | Identified the +3 hand axe of Doralulo {flame, Contam rElec
                  | rN+ Str+4}
  4310 | D:5      | Found a broken altar of Ashenzari.
  4366 | D:5      | Identified the +4 pair of gloves of Jiabi {rElec rN+++
                  | Int-5 Dex-3}
  4846 | D:6      | Found a blossoming altar of Fedhas.
  4848 | D:6      | Noticed Sigmund
  5071 | D:6      | Killed Sigmund
  5111 | D:6      | Found a shimmering altar of Xom.
  5112 | D:6      | Identified the +1 pair of boots of the Hills {rPois rF+ rC+
                  | Dex-3}
  5189 | D:6      | Noticed Pikel
  5217 | D:6      | Killed Pikel
  5218 | D:6      | Reached skill level 7 in Armour
  5218 | D:6      | Reached skill level 1 in Stealth
  5218 | D:6      | Reached XP level 8. HP: 50/70 MP: 7/7
  5488 | D:6      | Found a staircase to the Ecumenical Temple.
  5506 | Temple   | Entered the Ecumenical Temple
  5514 | Temple   | Became a worshipper of Warmaster Okawaru
  5561 | D:6      | Reached skill level 8 in Armour
  6634 | D:7      | Reached XP level 9. HP: 26/76 MP: 8/8
  6888 | D:7      | Reached * piety under Okawaru
  6889 | D:7      | Reached skill level 9 in Armour
  6936 | D:7      | Identified the +2 ring mail of Hadjma {rF+ Regen+ Str+4}
  7006 | D:7      | Noticed a wizard
  7227 | D:7      | Killed a wizard
  7228 | D:7      | Reached skill level 5 in Short Blades
  7254 | D:7      | Noticed an orc sorcerer
  7275 | D:7      | Killed an orc sorcerer
  7276 | D:7      | Reached skill level 10 in Armour
  7299 | D:7      | Noticed Menkaure
  7323 | D:7      | Killed Menkaure
  7327 | D:7      | Reached ** piety under Okawaru
  8173 | D:8      | Reached XP level 10. HP: 76/86 MP: 9/9
  8204 | D:8      | Found a bloodstained altar of Trog.
  8267 | D:8      | Found Jyifryenn's Magic Scroll Boutique.
  8288 | D:8      | Bought a scroll of identify for 24 gold pieces
  8288 | D:8      | Bought a scroll of identify for 24 gold pieces
  8362 | D:8      | Found a shadowy altar of Dithmenos.
  8465 | D:8      | Found a staircase to the Lair.
  8640 | D:8      | Found a shimmering blue altar of Sif Muna.
  9018 | D:9      | Reached skill level 11 in Armour
  9099 | D:9      | Noticed a boulder beetle
  9119 | D:9      | Noticed a deep elf pyromancer
  9750 | D:9      | Killed a deep elf pyromancer
  9750 | D:9      | Reached *** piety under Okawaru
  9972 | D:9      | Killed a boulder beetle
  9973 | D:9      | Reached skill level 1 in Invocations
 10553 | D:9      | Reached **** piety under Okawaru
 10883 | D:9      | Reached skill level 12 in Armour
 11145 | D:10     | Entered Level 10 of the Dungeon
 11411 | D:10     | Noticed Grum
 11423 | D:10     | Killed Grum
 11424 | D:10     | Reached XP level 11. HP: 79/94 MP: 11/11
 11860 | D:10     | Noticed a two-headed ogre
 11867 | D:10     | Killed a two-headed ogre
 11867 | D:10     | Reached ***** piety under Okawaru
 12753 | D:10     | Received a gift from Okawaru
 13209 | D:11     | Noticed a cyan ugly thing
 13223 | D:11     | Killed a cyan ugly thing
 13269 | D:11     | Noticed a four-headed hydra
 13279 | D:11     | Killed a four-headed hydra
 13280 | D:11     | Reached skill level 13 in Armour
 13280 | D:11     | Reached skill level 5 in Stealth
 13960 | D:11     | HP: 1/95 [meliai/+0 war axe (8)]
 13963 | D:11     | Killed from afar by a meliai

Illustrated notes

Levels and vault maps discovered:
D:1:      dpeg_arrival_boxorama, layout_loops_ring, serial_shops, shop_statue
D:2:      layout_basic, hellmonk_ecumenical_altar_arch_garden
D:3:      layout_loops_corners, general_overflow_altar, serial_shops,
          nicolae_shop_stone
D:4:      layout_basic, minmay_quadrilaterals
D:5:      layout_gridville, amcnicky_altar_gilded, cheibrodos_ashenzari_chains
D:6:      layout_loops_ring, mainiacjoe_overflow_concentric_impassable,
          fedhas_altar_1, minmay_temple_entry_statues_pillars, uniq_sigmund,
          uniq_pikel
D:7:      cheibrodos_wizards_tower, layout_cave_pods, grunt_decor_one_mirror,
          kennysheep_generic_room_8, uniq_menkaure
D:8:      layout_cave_pools, mainiacjoe_overflow_small_starburst,
          mainiacjoe_overflow_paths, lemuel_round_altar, serial_shops,
          nicolae_shop_advertising_works [nicolae_subvault_shop_adworks]
D:9:      layout_irregular_city, minmay_bent
D:10:     layout_irregular_city, chequers_hall_statues_y, uniq_grum
D:11:     layout_small_grid, serial_bayou, serial_bayou_pond_b,
          serial_bayou_ford_a, serial_bayou_pond_c, serial_bayou_pond_c,
          serial_bayou_lagoon_b, serial_bayou_shore_b, grunt_ministairs_6
Temple:   eino_temple_lava

Skill      XL: |  1  2  3  4  5  6  7  8  9 10 11 |
---------------+----------------------------------+-----
Shields        | 4 5 6 7 8 9 |  9.8
Armour         | 4 5 7 8 10 12 13 | 13.2
Fighting       | 4 5 6 7 8 |  8.7
Long Blades    | 3 4 5 6 |  6.0
Dodging        | 1 2 3 4 |  4.5
Short Blades   | 1 4 6 7 8 |  8.0
Stealth        | 1 2 3 4 5 |  5.0
Invocations    | 1 |  1.4
Evocations     | |  0.1

Action                   |  1- 3 |  4- 6 |  7- 9 | 10-12 || total
-------------------------+-------+-------+-------+-------++-------
Melee: Long sword        |    49 |    35 |       |    36 ||   120
       Headbutt          |     8 |    17 |    56 |   112 ||   193
       Dagger            |       |    58 |   275 |   440 ||   773
Invok: Heroism           |       |       |     2 |     6 ||     8
Evoke: Wand              |       |       |       |     5 ||     5
  Use: Scroll            |     1 |     8 |     3 |     8 ||    20
       Potion            |     1 |       |     3 |     5 ||     9
 Stab: Distracted        |       |       |     6 |    11 ||    17
Armor: Scale mail        |    29 |     2 |       |       ||    31
       Chain mail        |       |    37 |    80 |       ||   117
       Ring mail         |       |       |    33 |       ||    33
       Plate armour      |       |       |       |   328 ||   328
Dodge: Dodged            |    30 |    35 |    72 |   154 ||   291
Block: Buckler           |    12 |    13 |    44 |    36 ||   105
       Kite shield       |       |       |       |   214 ||   214
